 Dungeon Sprint DCSS version 0.27-a0-489-g24c7b1a3ef (webtiles) character file.

Game seed: 4640231335595076986

20416 rocky1 the Earth Mage (level 12, -22/113 HPs)
             Began as a Yellow Draconian Earth Elementalist on Mar 2, 2021.
             Was the Champion of Sif Muna.
             Annihilated by a death cob (35 damage)
             ... in the Dungeon (Sprint VII: "The Pits").
             The game lasted 00:22:17 (3375 turns).

rocky1 the Earth Mage (DrEE)                        Turns: 3375, Time: 00:22:18

Health: -22/113    AC: 10    Str: 12    XL:     12   Next: 45%
Magic:  8/27       EV: 17    Int: 26    God:    Sif Muna [******]
Gold:   61         SH:  0    Dex: 11    Spells: 6/34 levels left

rFire    . . .     SeeInvis +   r - +4 quarterstaff "Erog" {speed, Fragile rPois Int+6 SInv}
rCold    . . .     Faith    .   (shield currently unavailable)
rNeg     . . .     Spirit   .   (armour unavailable)
rPois    +         Reflect  .   (helmet restricted)
rElec    .         Harm     .   o - +0 cloak
rCorr    +         Rampage  .   n - +0 pair of gloves
Will     .....     NoTele   +   (no boots)
Stlth    ++........             (no amulet)
HPRegen  0.28/turn              (no ring)
MPRegen  0.20/turn              (no ring)

@: lethally poisoned (-22 -> -24), slowed, very slow
A: spit acid, unfitting armour, cold-blooded, acid resistance, AC +8
a: Breathe Acid, Renounce Religion, Channel Magic, Forget Spell, Divine Exegesis


You were in the Dungeon.
You worshipped Sif Muna.
Sif Muna was exalted by your worship.
You visited 1 branch You collected 61 gold pieces.

Inventory:

Hand Weapons
 l - a +1 quarterstaff of protection
 p - a +1 broad axe of freezing
 q - a +2 scimitar of flaming
 r - the +4 quarterstaff "Erog" (weapon) {speed, Fragile rPois Int+6 SInv}
   (You found it in the Dungeon)

   Attacks with this weapon are significantly faster.
   It affects your intelligence (+6).
   It protects you from poison.
   It lets you see invisible.
   It will be destroyed if unequipped.
Missiles
 b - 17 stones
 h - 19 javelins
Armour
 n - a +0 pair of gloves (worn)
 o - a +0 cloak (worn)
Magical Staves
 y - a staff of fire
 z - a staff of earth
Jewellery
 a - a +3 ring of intelligence
 m - a +3 ring of strength
 w - a ring of willpower
 E - a ring of ice
Scrolls
 j - 5 scrolls of amnesia
 k - a scroll of summoning
 v - 3 scrolls of fog
 x - 3 scrolls of identify
 A - 2 scrolls of enchant weapon
 B - 2 scrolls of blinking
 C - 2 scrolls of enchant armour
 D - a scroll of fear
Potions
 c - 11 potions of curing
 d - 12 potions of heal wounds
 e - 4 potions of haste
 f - 4 potions of magic
 g - 4 potions of berserk rage
 i - 2 potions of invisibility
 s - a potion of might
 t - 3 potions of mutation
 u - a potion of brilliance


   Skills:
 - Level 12.6 Fighting
 + Level 11.9 Staves
 + Level 11.2 Dodging
 - Level 1.7 Stealth
 + Level 11.8 Spellcasting
 + Level 9.6 Conjurations
 + Level 2.6 Transmutations
 + Level 5.2 Fire Magic
 + Level 15.6 Earth Magic
 - Level 12.4 Invocations


You had 6 spell levels left.
You knew the following spells:

 Your Spells              Type           Power        Failure   Level
a - Sandblast             Erth           100%         0%          1
b - Stone Arrow           Conj/Erth      100%         1%          3
c - Lee's Rapid Deconstr  Erth           38%          1%          5
d - Iron Shot             Conj/Erth      34%          3%          6
e - Lehudib's Crystal Sp  Conj/Erth      34%          80%         8
f - Bolt of Magma         Conj/Fire/Erth 31%          1%          5

Your spell library contained the following spells:

 Spells                   Type           Power        Failure   Level
 Beastly Appendage        Tmut           58%          1%          1
 Foxfire                  Conj/Fire      100%         1%          1
 Magic Dart               Conj           100%         1%          1
 Shock                    Conj/Air       100%         1%          1
 Passwall                 Tmut/Erth      48%          1%          2
 Searing Ray              Conj           100%         1%          2
 Wereblood                Tmut           29%          1%          2
 Conjure Flame            Conj/Fire      52%          1%          3
 Dazzling Flash           Conj/Hex       80%          1%          3
 Static Discharge         Conj/Air       40%          1%          3
 Leda's Liquefaction      Hex/Erth       27%          1%          4
 Petrify                  Tmut/Erth      58%          1%          4
 Sticky Flame             Conj/Fire      52%          1%          4
 Iskenderun's Battlesphe  Conj           60%          1%          5
 Ignite Poison            Fire/Tmut/Pois 29%          3%          3
 Mephitic Cloud           Conj/Pois/Air  32%          3%          3
 Borgnjor's Vile Clutch   Necr/Erth      27%          4%          5
 Fireball                 Conj/Fire      26%          4%          5
 Fulminant Prism          Conj/Hex       20%          5%          4
 Slow                     Hex            15%          6%          2
 Spider Form              Tmut/Pois      11%          7%          3
 Irradiate                Conj/Tmut      23%          9%          5
 Teleport Other           Tloc           15%          12%         3
 Lightning Bolt           Conj/Air       20%          14%         5
 Statue Form              Tmut/Erth      38%          14%         6
 Ice Form                 Ice/Tmut       22%          22%         4
 Starburst                Conj/Fire      26%          28%         6
 Blade Hands              Tmut           14%          34%         5
 Yara's Violent Unravell  Hex/Tmut       11%          52%         5
 Conjure Ball Lightning   Conj/Air       20%          63%         6
 Silence                  Hex/Air        7%           71%         5
 Hydra Form               Tmut           14%          89%         6
 Dispersal                Tloc           7%           99%         6
 Orb of Destruction       Conj           30%          52%         7
 Spellforged Servitor     Conj/Summ      20%          99%         7
 Shatter                  Erth           38%          99%         9
 Fire Storm               Conj/Fire      26%          100%        9


Dungeon Overview and Level Annotations

Branches:
Dungeon (1/1)

Altars:
Ashenzari
Cheibriados
Dithmenos
Elyvilon
Fedhas
Gozag
Hepliaklqana
Kikubaaqudgha
Makhleb
Nemelex Xobeh
Okawaru
Qazlal
Ru
Sif Muna
Trog
Uskayaw
Vehumet
Wu Jian
Xom
Yredelemnul
Zin
The Shining One
Beogh
Jiyva
Lugonu

Annotations:
D Urug


Innate Abilities, Weirdness & Mutations

You can spit globs of acid.
Your golden yellow scales are hard. (AC +8)
You cannot fit into any form of body armour.
You are cold-blooded and may be slowed by cold attacks.
You are resistant to acid. (rCorr)


Message History

The metal wall shatters!
The blast of metal fragments hits the death cob!
The death cob is severely damaged.
You feel sick.
You hear a bellow!
The death cob closely misses you. The death cob hits you!
The death cob drains your vigour!
You feel yourself slow down.
Casting: Lee's Rapid Deconstruction (mildly dangerous; 1% risk of failure)
Confirm with . or Enter, or press ? or * to list all spells.
Aiming: Lee's Rapid Deconstruction (mildly dangerous; 1% risk of failure)
Press: ? - help, Dir - move target A metal wall.
The metal wall shatters!
The blast of metal fragments hits the death cob!
The death cob is almost destroyed.
The blast of metal fragments hits the deep elf knight!!!
The deep elf knight is almost dead.
You feel sick.
You hear a shout!
The death cob hits you!
The death cob hits you but does no damage.
The death cob hits you!! The death cob drains your vigour!
You feel as though you will be slow longer.
The death cob hits you. The death cob drains your vigour!
You feel as though you will be slow longer.
Casting: Lee's Rapid Deconstruction (mildly dangerous; 1% risk of failure)
Confirm with . or Enter, or press ? or * to list all spells.
You don't have enough magic to cast this spell.
Unknown command.
You feel much better.
You feel sick. The death cob misses you. The death cob hits you!!
The death cob drains your vigour!
You feel as though you will be slow longer.
The death cob barely misses you. The death cob hits you!
The death cob drains your vigour!
You feel as though you will be slow longer.
Unknown command.
The death cob hits you!!
* * * LOW HITPOINT WARNING * * *
The death cob hits you!!
You die...

#..........#
####################..#....#..#
..................''..........#
..................''..........#
################..##..#....#..#
# #G #..##..........+ # #o
#..##..........+ #
#e#..####++####''# # #z@.#
#''### # #)#..# #...))
################..# #..)..
..................# #..###
..................# #..#
#######''########## #..#
#######''########## #..#
..............##..# #..#
....#..#......##..# #..#


You could see a death cob, Urug, an eye of devastation and a deep elf knight.

Vanquished Creatures
  A bone dragon (D)
  A frost giant (D)
  A merfolk javelineer (D)
  A green death (D)
  A death knight (D)
  An anaconda (D)
  An orc high priest (D)
  A two-headed ogre (D)
  3 hell hogs (D)
  Sonja (D)
  A deep elf knight (D)
  An unseen horror (D)
  A flayed ghost (D)
  2 deep elf pyromancers (D)
  An orc sorcerer (D)
  A manticore (D)
  2 gargoyles (D)
  A cane toad (D)
  A komodo dragon (D)
  A rime drake (D)
  A freezing wraith (D)
  An efreet (D)
  A troll (D)
  2 merfolk (D)
  2 wind drakes (D)
  2 flying skulls (D)
  A wraith (D)
  2 redbacks (D)
  3 yaks (D)
  A wyvern (D)
  A ynoxinul (D)
  A fire bat (D)
  2 small abominations (D)
  Eustachio (D)
  A soldier ant (D)
  2 wargs (D)
  A water moccasin (D)
  2 floating eyes (D)
  A swamp drake (D)
  An orc warrior (D)
  A black bear (D)
  An ogre (D)
  An ice beast (D)
  6 wolves (D)
  4 centaurs (D)
  A kobold brigand (D)
  A gnoll sergeant (D)
  A quasit (D)
  A hound (D)
  An orc priest (D)
  A gnoll shaman (D)
  A worker ant (D)
  3 orc wizards (D)
  3 mummies (D)
  7 gnolls (D)
  An ooze (D)
  A leopard gecko (D)
  5 orcs (D)
  A giant cockroach (D)
  A hobgoblin (D)
  2 quokkas (D)
  3 bats (D)
  A bat simulacrum (D)
  2 frilled lizards (D)
  A fire vortex (D)
104 creatures vanquished.

Vanquished Creatures (collateral kills)
  A polar bear (D)
  A hell rat (D)
2 creatures vanquished.

Vanquished Creatures (others)
  6 fire vortices (D)
6 creatures vanquished.

Grand Total: 112 creatures vanquished

Notes
Turn   | Place    | Note
-------+----------+-------------------------------------------
     0 | D        | rocky1 the Draconian Earth Elementalist began the quest for
                  | the Orb.
     0 | D        | Reached XP level 1. HP: 14/14 MP: 3/3
    50 | D        | Found a bloodstained altar of Trog.
    50 | D        | Found a shimmering blue altar of Sif Muna.
    50 | D        | Found a viscous altar of Jiyva.
    50 | D        | Found a hazy altar of Hepliaklqana.
    50 | D        | Found an opulent altar of Gozag.
    51 | D        | Found a glowing golden altar of the Shining One.
    51 | D        | Found a glowing silver altar of Zin.
    51 | D        | Found a basalt altar of Yredelemnul.
    51 | D        | Found a shimmering altar of Xom.
    51 | D        | Found an ornate altar of the Wu Jian Council.
    51 | D        | Found a sacrificial altar of Ru.
    51 | D        | Found a stormy altar of Qazlal.
    51 | D        | Found an iron altar of Okawaru.
    51 | D        | Found a sparkling altar of Nemelex Xobeh.
    51 | D        | Found a burning altar of Makhleb.
    51 | D        | Found a blossoming altar of Fedhas.
    51 | D        | Found a white marble altar of Elyvilon.
    51 | D        | Found a shadowy altar of Dithmenos.
    51 | D        | Found a snail-covered altar of Cheibriados.
    54 | D        | Found a corrupted altar of Lugonu.
    54 | D        | Found a radiant altar of Vehumet.
    54 | D        | Found a roughly hewn altar of Beogh.
    55 | D        | Found an ancient bone altar of Kikubaaqudgha.
    55 | D        | Found a hide-covered altar of Uskayaw.
    55 | D        | Found a broken altar of Ashenzari.
    56 | D        | Became a worshipper of Sif Muna the Loreminder
    67 | D        | Noticed a floating eye
    70 | D        | Killed a floating eye
    71 | D        | Reached skill level 9 in Earth Magic
    71 | D        | Reached XP level 2. HP: 20/20 MP: 3/5
    71 | D        | Reached XP level 3. HP: 26/26 MP: 3/6
    71 | D        | Reached XP level 4. HP: 33/33 MP: 3/7
   112 | D        | Learned a level 3 spell: Stone Arrow
   124 | D        | Reached * piety under Sif Muna
   125 | D        | Reached skill level 10 in Earth Magic
   148 | D        | Reached ** piety under Sif Muna
   160 | D        | Reached XP level 5. HP: 38/38 MP: 5/8
   352 | D        | Noticed a fire bat
   352 | D        | Noticed a flying skull
   372 | D        | Killed a flying skull
   373 | D        | Reached skill level 11 in Earth Magic
   373 | D        | Reached skill level 5 in Invocations
   373 | D        | Reached XP level 6. HP: 19/45 MP: 1/13
   553 | D        | Learned a level 5 spell: Lee's Rapid Deconstruction
   572 | D        | Reached *** piety under Sif Muna
   573 | D        | Reached skill level 1 in Fighting
   573 | D        | Reached skill level 1 in Staves
   575 | D        | Killed a fire bat
   575 | D        | Reached **** piety under Sif Muna
   576 | D        | Reached skill level 5 in Spellcasting
   576 | D        | Your scales start taking on a golden yellow colour.
   576 | D        | Reached XP level 7. HP: 50/57 MP: 2/15
   576 | D        | Gained mutation: You are resistant to acid. (rCorr) [Yellow
                  | Draconian growth]
   800 | D        | Noticed a cane toad
   803 | D        | Killed a cane toad
   803 | D        | Reached ***** piety under Sif Muna
   803 | D        | Identified Sif Muna's Catalogue of Dusty Shape Shifting
                  | (Sif Muna gifted it to you in the Dungeon)
   803 | D        | Received a gift from Sif Muna
   804 | D        | Reached skill level 12 in Earth Magic
   912 | D        | Reached skill level 5 in Fighting
   912 | D        | Reached skill level 5 in Staves
   912 | D        | Reached XP level 8. HP: 69/69 MP: 11/18
   913 | D        | Reached skill level 5 in Dodging
   992 | D        | Identified Sif Muna's Papyrus of Conjuration and Feathers
                  | (Sif Muna gifted it to you in the Dungeon)
   992 | D        | Received a gift from Sif Muna
   996 | D        | Reached XP level 9. HP: 76/79 MP: 2/20
  1192 | D        | Got the +4 quarterstaff "Erog" {speed, Fragile rPois Int+6
                  | SInv}
  1271 | D        | Noticed a flayed ghost
  1274 | D        | Killed a flayed ghost
  1275 | D        | Reached skill level 13 in Earth Magic
  1417 | D        | Noticed a rime drake
  1421 | D        | Killed a rime drake
  1498 | D        | Learned a level 6 spell: Iron Shot
  1499 | D        | Noticed a hell hog
  1500 | D        | Noticed a hell hog
  1504 | D        | Killed a hell hog
  1504 | D        | Identified Sif Muna's Almanac of Confrontation (Sif Muna
                  | gifted it to you in the Dungeon)
  1504 | D        | Received a gift from Sif Muna
  1504 | D        | Killed a hell hog
  1505 | D        | Reached skill level 10 in Invocations
  1505 | D        | Reached XP level 10. HP: 52/91 MP: 6/22
  1764 | D        | Noticed Eustachio
  1768 | D        | Killed Eustachio
  1770 | D        | Noticed a deep elf pyromancer
  1771 | D        | Noticed a hell hog
  1773 | D        | Killed a deep elf pyromancer
  1773 | D        | Identified Sif Muna's Incunabulum of Blows and Bruises and
                  | Orientation (Sif Muna gifted it to you in the Dungeon)
  1773 | D        | Received a gift from Sif Muna
  1776 | D        | Killed a hell hog
  1984 | D        | Noticed a frost giant
  1990 | D        | Killed a frost giant
  1991 | D        | Reached skill level 10 in Fighting
  1991 | D        | Reached skill level 5 in Conjurations
  1991 | D        | Reached skill level 14 in Earth Magic
  2129 | D        | Noticed a merfolk javelineer
  2129 | D        | Noticed Sonja
  2130 | D        | Killed Sonja
  2131 | D        | Reached skill level 10 in Spellcasting
  2131 | D        | Reached XP level 11. HP: 101/101 MP: 8/25
  2138 | D        | Killed a merfolk javelineer
  2139 | D        | Reached skill level 10 in Staves
  2475 | D        | Noticed an anaconda
  2475 | D        | Noticed a death knight
  2481 | D        | Killed an anaconda
  2481 | D        | Identified Sif Muna's Incunabulum of Ashen Malediction (Sif
                  | Muna gifted it to you in the Dungeon)
  2481 | D        | Received a gift from Sif Muna
  2485 | D        | Killed a death knight
  2506 | D        | Learned a level 8 spell: Lehudib's Crystal Spear
  2549 | D        | Noticed an orc sorcerer
  2550 | D        | Noticed a two-headed ogre
  2552 | D        | Killed an orc sorcerer
  2553 | D        | Killed an orc high priest
  2553 | D        | Killed a two-headed ogre
  2557 | D        | Reached skill level 10 in Dodging
  2574 | D        | Received a gift from Sif Muna
  2574 | D        | Reached ****** piety under Sif Muna
  2667 | D        | Learned a level 5 spell: Bolt of Magma
  2678 | D        | Reached skill level 1 in Fire Magic
  2888 | D        | Identified Sif Muna's Volume of Earthen Conjuration (Sif
                  | Muna gifted it to you in the Dungeon)
  2888 | D        | Received a gift from Sif Muna
  2889 | D        | Reached skill level 15 in Earth Magic
  3117 | D        | Noticed an unseen horror
  3119 | D        | Identified Dispater's Almanac of Attacks (Sif Muna gifted
                  | it to you in the Dungeon)
  3119 | D        | Received a gift from Sif Muna
  3119 | D        | Identified Zaykudis's Grimoire of Excruciating Earth (Sif
                  | Muna gifted it to you in the Dungeon)
  3119 | D        | Received a gift from Sif Muna
  3119 | D        | Noticed a bone dragon
  3120 | D        | Reached XP level 12. HP: 108/112 MP: 17/27
  3124 | D        | Killed a bone dragon
  3124 | D        | Identified Sif Muna's Volume of Hexes and Changing (Sif
                  | Muna gifted it to you in the Dungeon)
  3124 | D        | Received a gift from Sif Muna
  3368 | D        | Noticed Urug
  3368 | D        | Noticed a green death
  3369 | D        | Noticed a deep elf death mage
  3369 | D        | Noticed a death cob
  3371 | D        | Killed a green death
  3371 | D        | Identified Sif Muna's Papyrus of Cloudy Summoning (Sif Muna
                  | gifted it to you in the Dungeon)
  3371 | D        | Received a gift from Sif Muna
  3372 | D        | Reached skill level 5 in Fire Magic
  3375 | D        | Annihilated by a death cob

Illustrated notes

Levels and vault maps discovered:
D:        pitsprint [storerooms_1, entrance_room_1, metal_vault_1, armoury_2,
          mini_pit_1, grid_room_1, main_hall_1, silver_pit, the_coven_1,
          the_vestibule_1, steel_vault_1, golden_pit, hallway_of_sentries,
          crystal_vault_5, iron_vault_5, final_vault]

Skill      XL: |  1  2  3  4  5  6  7  8  9 10 11 12 |
---------------+-------------------------------------+-----
Earth Magic    | 9 10 11 12 13 14 15 | 15.6
Spellcasting   | 4 5 6 7 8 10 11 | 11.8
Invocations    | 5 6 7 8 10 11 12 | 12.4
Fighting       | 3 5 7 9 10 12 | 12.6
Staves         | 3 5 6 8 9 11 | 11.9
Dodging        | 3 4 6 7 9 10 11 | 11.2
Conjurations   | 2 5 8 9 |  9.6
Fire Magic     | 3 5 |  5.2
Transmutations | 2 |  2.6
Stealth        | |  1.7

Action                   |  1- 3 |  4- 6 |  7- 9 | 10-12 || total
-------------------------+-------+-------+-------+-------++-------
Melee: Unarmed           |     6 |       |       |       ||     6
       Quarterstaff      |     2 |    12 |     5 |     2 ||    21
       Tailslap          |       |     3 |       |       ||     3
 Cast: Sandblast         |     1 |    11 |     7 |     4 ||    23
       Lee's Rapid Decon |       |     2 |    19 |    59 ||    80
       Stone Arrow       |       |       |       |     3 ||     3
       Fire Storm        |       |       |       |     1 ||     1
Invok: Channel Magic     |       |       |       |     7 ||     7
       Divine Exegesis   |       |       |       |     1 ||     1
 Abil: Breathe Acid      |       |       |     1 |       ||     1
  Use: Potion            |       |       |       |     2 ||     2
       Scroll            |       |       |       |     1 ||     1
 Stab: Sleeping          |     1 |     1 |       |       ||     2
Armor: Skin              |     1 |    13 |     3 |     4 ||    21
Dodge: Dodged            |     4 |    18 |     6 |    13 ||    41

Table legend: (Time is in decaauts)
 A = Elapsed time spent in this place.
 B = Non-inter-level travel time spent in this place.
 C = Inter-level travel time spent in this place.
 D = Time resting spent in this place.
 E = Time spent auto-exploring this place.
 F = Levels seen in this place.
 G = Mean time per level.
                   A        B        C        D        E       F      G
               +--------+--------+--------+--------+--------+-----+--------+
         Total |   3376 |   3376 |      0 |   2173 |      0 |   1 | 3376.0 |
       Dungeon |   3376 |   3376 |      0 |   2173 |      0 |   1 | 3376.0 |
               +--------+--------+--------+--------+--------+-----+--------+

Top non-repeatable levels by time:
       D: 3376 daAuts
